 Dungeon Crawl Stone Soup version 0.19.5 (webtiles) character file.

77 tidbits the Slasher (level 4, 0/29 HPs)
             Began as a High Elf Skald on Nov 13, 2017.
             Succumbed to a scorpion's poison
             ... on level 4 of the Dungeon.
             The game lasted 00:04:04 (408 turns).

tidbits the Slasher (High Elf Skald)                 Turns: 408, Time: 00:04:04

Health: 0/29       AC:  5    Str: 12    XL:     4   Next: 13%
Magic:  6/9        EV: 11    Int: 16    God:
Gold:   47         SH:  0    Dex: 14    Spells: 4 memorised, 0 levels left

rFire  . . .     SeeInvis .     d - bread ration
rCold  . . .     Gourm    .     B - +0 leather armour
rNeg   . . .     Faith    .     (no shield)
rPois  .         Spirit   .     (no helmet)
rElec  .         Reflect  .     C - +1 cloak
rCorr  .         Harm     .     (no gloves)
MR     .....                    (no boots)
Stlth  +.........               (no amulet)
                                (no ring)
                                (no ring)

@: lethally poisoned (0 -> -1), very slightly contaminated
A: no striking features
a: no special abilities


You were on level 4 of the Dungeon.
You were not hungry.

You visited 1 branch of the dungeon, and saw 3 of its levels.

You collected 47 gold pieces.

Inventory:

Hand Weapons
 a - a +0 falchion
 b - a +3 quarterstaff of chaos
   (You took it off Crazy Yiuf on level 4 of the Dungeon)
Armour
 h - a +0 cloak
   (You found it on level 1 of the Dungeon)
 B - a +0 leather armour (worn)
 C - a +1 cloak (worn)
   (You took it off Crazy Yiuf on level 4 of the Dungeon)
Scrolls
 g - a scroll of fear
Books
 c - a book of Battle

   Spells                             Type                      Level
   a - Infusion                       Charms                       1
   b - Shroud of Golubria             Charms/Translocation         2
   c - Song of Slaying                Charms                       2
   d - Spectral Weapon                Hexes/Charms                 3
   e - Regeneration                   Charms/Necromancy            3
Comestibles
 d - a bread ration (in hand)
 f - a beef jerky


   Skills:
 - Level 2.0 Fighting
 - Level 5.0 Long Blades
 - Level 0.8 Armour
 - Level 1.1 Dodging
 + Level 2.9 Spellcasting
 + Level 0.0 Hexes
 + Level 3.6 Charms


You couldn't memorise any spells.
You knew the following spells:

 Your Spells              Type           Power        Failure   Level  Hunger
g - Shroud of Golubria    Chrm/Tloc      #.........   17%         2    ##.....
i - Infusion              Chrm           ##..         8%          1    #......
w - Spectral Weapon       Hex/Chrm       #.......     34%         3    ###....
y - Song of Slaying       Chrm           ##......     12%         2    ##.....


Dungeon Overview and Level Annotations

Branches:
Dungeon (2/15)

Altars:


Message History

You completely miss the hound skeleton.
The hound skeleton is lightly damaged.
The hound skeleton bites you.
The hound skeleton completely misses you.
You closely miss the hound skeleton.
The hound skeleton is lightly damaged.
The hound skeleton closely misses you.
You barely miss the hound skeleton.
The hound skeleton is lightly damaged.
The hound skeleton barely misses you.
You hit the hound skeleton.
The hound skeleton is heavily damaged.
The hound skeleton barely misses you. x2
You slash the hound skeleton!
The hound skeleton is severely damaged.
The hound skeleton bites you but does no damage.
You hit the hound skeleton.
The hound skeleton is almost destroyed.
The hound skeleton barely misses you.
You hit the hound skeleton.
The hound skeleton is almost destroyed.
The hound skeleton closely misses you.
You riposte.
You hit the hound skeleton.
You destroy the hound skeleton!
You have reached level 4!
Memorise Spectral Weapon, consuming 3 spell levels and leaving 0?
You start memorising the spell.
You continue memorising. x3
You finish memorising.
Spell assigned to 'w'.
A scorpion comes into view.
Found a purple potion.
Casting: Infusion
Confirm with . or Enter, or press ? or * to list all spells.
You miscast Spectral Weapon.
Your skin glows momentarily.
The scorpion stings you.
You are poisoned.
The scorpion poisons you!
You feel sick.
Casting: Spectral Weapon
Confirm with . or Enter, or press ? or * to list all spells.
You begin infusing your attacks with magical energy.
You feel sick. The scorpion stings you.
You closely miss the scorpion. The scorpion stings you.
You are lethally poisoned!
The scorpion poisons you!
* * * LOW HITPOINT WARNING * * *
You feel sick.
You aren't carrying any potions.
Unknown command.
As you read the scroll of fear, it crumbles to dust.
You assume a fearsome visage.
The scorpion looks frightened!
* * * LOW HITPOINT WARNING * * *
You feel sick.
You aren't carrying any potions.
Unknown command.
As you read the scroll labeled ITTYICAUSI, it crumbles to dust.
You feel blessed for a moment.
It was a scroll of remove curse.
* * * LOW HITPOINT WARNING * * *
You feel sick.
* * * LOW HITPOINT WARNING * * *
You feel sick.
* * * LOW HITPOINT WARNING * * *
You feel sick.
* * * LOW HITPOINT WARNING * * *
You feel sick.
* * * LOW HITPOINT WARNING * * *
You feel sick.
* * * LOW HITPOINT WARNING * * *
You feel sick.
Wield which item (- for none, * to show all)? (? for menu, Esc to quit)
d - a bread ration (in hand)
You swing at nothing.
* * * LOW HITPOINT WARNING * * *
You feel sick.
You swing at nothing.
* * * LOW HITPOINT WARNING * * *
You feel sick.
You swing at nothing.
Your magical infusion is running out.
* * * LOW HITPOINT WARNING * * *
You feel sick.
You swing at nothing.
You swing at nothing.
* * * LOW HITPOINT WARNING * * *
You feel sick.
You swing at nothing.
You swing at nothing.
You are no longer magically infusing your attacks.
* * * LOW HITPOINT WARNING * * *
You feel sick.
You swing at nothing.
You swing at nothing.
* * * LOW HITPOINT WARNING * * *
You feel sick.
You swing at nothing.
You swing at nothing.
* * * LOW HITPOINT WARNING * * *
You feel sick.
You swing at nothing.
You swing at nothing.
You swing at nothing.
You die...

#...# #...#
#...# #...#
##'##
#...#######
##.#
#.##.s....#
#.##
#.##.####...
##.# #.##.#
#.## #.##!#
##.## #.##.#
#...##
#@##.#
#....#
#.##.#
#+..+#
#.##..
#....####.#
##........#
##...#####
#####


There were no monsters in sight!

Vanquished Creatures
  Crazy Yiuf (D:4)
  Ijyb (D:2)
  A hound skeleton (D:4)
  A goblin (D:2)
  2 hobgoblins (D:1)
  2 kobolds (D:1)
  2 bats (D:1)
  3 rats
13 creatures vanquished.

Notes
Turn   | Place    | Note
-------+----------+-------------------------------------------
     0 | D:1      | tidbits the High Elf Skald began the quest for the Orb.
     0 | D:1      | Reached XP level 1. HP: 14/14 MP: 4/4
    22 | D:2      | Noticed Ijyb
   114 | D:1      | Reached skill level 3 in Long Blades
   127 | D:1      | Reached XP level 2. HP: 19/19 MP: 0/6
   131 | D:1      | Learned a level 2 spell: Song of Slaying
   134 | D:1      | Learned a level 2 spell: Shroud of Golubria
   299 | D:2      | Killed Ijyb
   299 | D:2      | Reached skill level 4 in Long Blades
   299 | D:2      | Reached XP level 3. HP: 23/24 MP: 0/7
   318 | D:2      | You fall through a shaft for 2 floors!
   318 | D:4      | Found a runed door.
   318 | D:4      | Noticed Crazy Yiuf
   324 | D:4      | Killed Crazy Yiuf
   324 | D:4      | Reached skill level 5 in Long Blades
   365 | D:4      | Reached XP level 4. HP: 24/29 MP: 4/9
   370 | D:4      | Learned a level 3 spell: Spectral Weapon
   401 | D:4      | HP: 2/29 [poisoned by a scorpion]
   408 | D:4      | Succumbed to a scorpion's poison

Skill      XL: |  1  2  3 |
---------------+----------+-----
Long Blades    | 3 4 5 |  5.0
Fighting       | |  2.0
Armour         | |  0.8
Dodging        | |  1.1
Spellcasting   | |  2.9
Charms         | |  3.6

Action                   |  1- 3 |  4- 6 || total
-------------------------+-------+-------++-------
Melee: Falchion          |    46 |     1 ||    47
 Cast: Infusion          |     7 |     1 ||     8
  Use: Scroll            |     1 |     2 ||     3
       Potion            |     1 |       ||     1
 Stab: Invisible         |     1 |       ||     1
Armor: Leather armour    |    15 |       ||    15
Dodge: Dodged            |    36 |       ||    36
       Rpst.: Falchion   |     8 |       ||     8

Table legend:
 A = Turns spent in this place as a percentage of turns spent in the entire game.
 B = Non-inter-level travel turns spent in this place as a percentage of non-inter-level travel turns spent in the entire game.
 C = Inter-level travel turns spent in this place as a percentage of turns spent in this place.
 D = Turns resting spent in this place as a percentage of non-inter-level travel turns spent in this place.
 E = Turns spent auto-exploring this place as a percentage of non-inter-level travel turns spent in this place.
 F = Non-inter-level travel turns spent in this place divided by the number of levels of this place that you've seen.
                   A       B       C       D       E      F
               +-------+-------+-------+-------+-------+----------------------
         Total | 100.0 | 100.0 |   0.0 |   0.0 |   0.0 | 105.0
       Dungeon | 100.0 | 100.0 |   0.0 |   0.0 |   0.0 | 105.0
               +-------+-------+-------+-------+-------+----------------------

Table legend:
 A = Kills in this place as a percentage of kills in entire the game.
 B = Kills by you in this place as a percentage of kills by you in the entire game.
 C = Kills by friends in this place as a percentage of kills by friends in the entire game.
 D = Other kills in this place as a percentage of other kills in the entire game.
 E = Experience gained in this place as a percentage of experience gained in the entire game.
 F = Experience gained in this place divided by the number of levels of this place that you have seen.
                   A       B       C       D       E      F
               +-------+-------+-------+-------+-------+----------------------
         Total | 100.0 | 100.0 |  -nan |  -nan | 100.0 |  36.7
       Dungeon | 100.0 | 100.0 |  -nan |  -nan | 100.0 |  36.7
               +-------+-------+-------+-------+-------+----------------------

Vault maps used:
D:1:      ncdulo_wetmaze
D:2:      first_bread, roderic_lattice_a, serial_bayou_pond_c,
          grunt_ministairs_11, elyvilon_altar_5, uniq_terence, uniq_iyjb,
          uniq_sigmund
D:4:      marbit_many_paths, tso_metal_star, serial_shops, shop,
          grunt_qazlal_clouds, uniq_crazy_yiuf_cottage
